Map: Sequencer LE

Players

Juxtapose - Winner!

  • Race: Zerg Zerg
  • Spawn Location: 7:00

A.I. 1 (Elite)

  • Race: Terran Terran
  • Spawn Location: 1:00

VOD

https://youtu.be/CQ3_l-D1FlY

Description

Usually I go Zerglings with Banelings into Infestors and Ultralisks against Terran, as this works well against the human opponents I face in Unranked.

For this Versus AI match, I decided to try Roaches and Ravagers into Hydralisks and Lurkers to see how that'd do.

One plus is it looks like the AI doesn't dodge Corrosive Biles that well, but otherwise I found this very hectic. I think the Roaches and Ravagers were the correct early composition, but that I should have gone Infestors into Ultralisks as per usual with some Corruptors for anti-air.

Time

  • Played on: July 9, 2017, 7:33 p.m.
  • Length: 17:10
Show
View Real Time Build Order
Export as new Build Order

Juxtapose Zerg - Winner!

Build Orders: Pool First, Lurkers 

Get SALT Encoding   

  12  0:01  Drone  
  13  0:13  Overlord  
  13  0:17  Drone  
  14  0:32  Drone x2  
  16  0:43  Spawning Pool  
  16  0:46  Drone  
  16  0:50  Drone  
  17  0:59  Overlord  
  17  1:06  Extractor  
  17  1:09  Drone  
  17  1:26  Drone  
  18  1:36  Queen  
  18  1:37  Hatchery  
  19  1:41  Drone  
  19  1:44  Drone  
  21  1:55  Drone  
  22  2:01  Drone  
  23  2:12  Drone  
  24  2:18  Metabolic Boost  
  24  2:19  Extractor  
  23  2:23  Drone  
  24  2:43  Drone  
  25  2:45  Queen  
  25  2:47  Drone x2  
  25  2:48  Drone  
  30  2:54  Drone  
  31  3:00  Queen  
  33  3:10  Roach Warren  
  32  3:13  Drone x2  
  34  3:21  Overlord  
  34  3:29  Drone x2  
  36  3:36  Lair  
  36  3:39  Queen  
  36  3:40  Overlord  
  38  3:57  Drone x3  
  38  4:02  Extractor  
  40  4:27  Roach x2  
  40  4:28  Roach x4  
  52  4:35  Evolution Chamber, Glial Reconstitution  
  51  4:40  Overlord  
  51  4:41  Overlord  
  51  4:45  Drone  
  52  4:52  Extractor  
  51  5:01  Zerg Missile Weapons Level 1  
  51  5:04  Roach x7  
  65  5:09  Drone  
  65  5:10  Drone x2  
  68  5:37  Burrow  
  68  5:43  Hydralisk Den  
  68  5:45  Overlord x3  
  67  5:51  Overseer  
  67  5:58  Ravager  
  67  6:01  Overlord  
  67  6:02  Overlord x3  
  68  6:11  Roach x2  
  72  6:17  Muscular Augments  
  72  6:24  Drone x2  
  74  6:32  Pneumatized Carapace  
  74  6:36  Ravager  
  74  6:38  Ravager  
  76  6:40  Ravager  
  77  6:50  Overseer  
  77  6:51  Overseer  
  77  6:55  Zerg Ground Armor Level 1  
  77  7:16  Drone x4  
  77  7:20  Hatchery  
  80  7:31  Hydralisk x7  
  93  7:48  Hydralisk x3  
  99  8:13  Drone x2  
  99  8:14  Drone x3  
  104  8:27  Hydralisk x6  
  104  8:30  Lurker Den  
  116  8:38  Infestation Pit  
  115  8:48  Hydralisk x2  
  115  8:51  Drone  
  115  8:53  Extractor  
  119  9:03  Overlord x3  
  119  9:07  Roach x2, Hydralisk x3  
  129  9:27  Drone x2  
  129  9:28  Drone x8  
  129  9:29  Drone  
  140  9:49  Drone x2  
  142  10:01  Hydralisk x5  
  142  10:02  Hydralisk  
  141  10:18  Hydralisk x4  
  141  10:19  Hydralisk  
  141  10:20  Roach x3  
  135  10:40  Hydralisk x2  
  135  10:41  Roach x3  
  145  10:54  Hive  
  145  11:08  Overlord x6  
  111  11:38  Hydralisk x3  
  111  11:39  Hydralisk x7  
  114  11:41  Roach x4, Zergling x6  
  129  12:03  Overseer x3  
  120  12:18  Lurker x2  
  122  12:24  Roach x4  
  122  12:25  Roach x4  
  133  12:57  Ravager  
  128  13:16  Zergling x6  
  128  13:17  Zergling x14  
  138  13:20  Adrenal Glands  
  138  13:28  Roach x3  
  144  13:41  Hatchery  
  143  13:55  Lurker x2  
  145  13:57  Lurker  
  146  14:40  Zerg Missile Weapons Level 2  
  146  14:49  Hydralisk x6  
  146  14:50  Hydralisk x2  
  146  14:52  Overlord x6  
  162  14:53  Overlord  
  162  15:04  Ravager  
  155  15:37  Overlord  
  155  15:38  Overlord x5  
  155  15:39  Zergling x12  
  161  16:18  Roach x4, Hydralisk x6  
  169  16:19  Zergling x6  
  169  16:20  Zergling x4  
  186  16:41  Extractor  
  186  16:43  Extractor  
Show
View Real Time Build Order
Export as new Build Order

A.I. 1 (Elite) Terran 

Build Orders: MMM Bio 

Get SALT Encoding   

  12  0:00  SCV  
  13  0:13  SCV  
  14  0:19  Supply Depot  
  14  0:25  SCV  
  15  0:40  SCV  
  15  0:42  Barracks  
  16  0:53  SCV  
  17  1:05  SCV  
  18  1:17  SCV  
  19  1:21  Command Center  
  19  1:30  Marine  
  20  1:35  Orbital Command  
  20  1:48  Marine, Supply Depot  
  20  1:53  Refinery  
  21  2:01  SCV  
  22  2:05  Marine  
  23  2:12  Barracks  
  23  2:13  SCV  
  24  2:18  Refinery  
  24  2:23  Marine  
  24  2:25  SCV  
  26  2:31  Supply Depot  
  26  2:37  SCV  
  27  2:46  Orbital Command  
  27  2:49  Marine  
  28  2:53  SCV  
  29  3:02  Factory  
  29  3:05  SCV  
  30  3:07  Marine  
  30  3:10  Marine  
  32  3:13  SCV  
  32  3:17  SCV  
  34  3:24  Marine  
  34  3:26  SCV  
  36  3:28  Marine  
  36  3:29  SCV  
  38  3:38  SCV  
  38  3:41  SCV  
  40  3:42  Marine  
  40  3:45  Factory Tech Lab  
  40  3:46  Marine  
  40  3:47  Starport  
  42  3:51  SCV  
  42  3:53  SCV  
  44  3:58  Supply Depot  
  44  4:00  Marine  
  45  4:03  Marine, SCV  
  45  4:05  SCV  
  45  4:08  Siege Tank  
  51  4:15  SCV  
  51  4:16  Supply Depot  
  52  4:17  SCV  
  52  4:18  Marine  
  52  4:21  Marine  
  55  4:27  Starport Tech Lab, SCV, Supply Depot  
  55  4:29  SCV  
  57  4:39  SCV  
  57  4:40  Armory, Siege Tank  
  57  4:41  SCV  
  62  4:51  SCV  
  63  4:53  SCV  
  63  4:55  Supply Depot  
  63  4:56  Fusion Core  
  64  5:04  SCV, Supply Depot  
  64  5:05  Liberator  
  64  5:06  SCV  
  66  5:10  Marine  
  66  5:11  Marine  
  68  5:16  SCV  
  68  5:18  SCV  
  68  5:20  Barracks  
  70  5:25  Refinery  
  70  5:27  Refinery  
  70  5:28  SCV, Barracks Tech Lab  
  74  5:30  SCV  
  75  5:45  Command Center  
  75  5:47  SCV  
  75  5:49  SCV  
  79  5:50  Marauder  
  79  5:52  Engineering Bay  
  79  5:54  Stimpack  
  79  5:56  Engineering Bay  
  79  5:59  SCV  
  79  6:01  SCV  
  83  6:11  Marauder  
  83  6:16  Barracks  
  83  6:18  Marine, Supply Depot  
  84  6:19  Missile Turret, Marine, Terran Infantry Weapons Level 1  
  84  6:21  Missile Turret  
  84  6:24  Terran Infantry Armor Level 1  
  87  6:33  Marauder  
  87  6:37  Barracks Tech Lab  
  87  6:38  Barracks Reactor  
  87  6:42  Medivac, Missile Turret  
  87  6:44  Supply Depot  
  91  6:54  Marauder  
  91  6:55  Marine, Combat Shields  
  91  6:57  SCV x2  
  91  6:58  SCV  
  95  7:09  SCV x2, Refinery  
  95  7:10  SCV  
  95  7:11  Missile Turret  
  95  7:12  Viking, Command Center  
  95  7:13  Marauder  
  95  7:14  Missile Turret  
  104  7:15  Marauder  
  104  7:16  Refinery  
  104  7:21  SCV  
  104  7:22  SCV  
  106  7:23  SCV  
  106  7:24  Supply Depot  
  107  7:33  SCV  
  107  7:34  SCV, Marauder  
  107  7:35  SCV  
  107  7:36  Missile Turret  
  114  7:37  Marauder  
  114  7:42  Viking  
  116  7:45  SCV  
  116  7:46  SCV  
  116  7:48  SCV  
  116  7:50  Supply Depot  
  119  7:54  Concussive Shells  
  119  7:56  Missile Turret, Marauder  
  119  7:58  SCV, Marauder  
  124  7:59  SCV  
  124  8:00  Orbital Command  
  125  8:11  Factory  
  125  8:12  Viking  
  127  8:16  Starport  
  127  8:17  Terran Infantry Weapons Level 2, Marauder  
  127  8:19  Supply Depot  
  129  8:20  Marauder  
  129  8:26  Missile Turret  
  131  8:39  Planetary Fortress, Missile Turret  
  131  8:41  Hi-Sec Auto Tracking  
  131  8:42  Viking, Marauder  
  131  8:47  Marauder  
  137  8:52  Medivac  
  137  8:55  Factory Tech Lab, Supply Depot  
  139  9:03  Marauder  
  139  9:06  Armory  
  139  9:09  Marauder  
  143  9:10  Barracks  
  143  9:11  Refinery, Command Center  
  143  9:12  Raven  
  145  9:23  Starport Reactor  
  145  9:25  Marine  
  145  9:28  Marine, Barracks Tech Lab, Supply Depot  
  145  9:30  Marine  
  145  9:31  Marine  
  148  9:37  Ghost Academy  
  149  9:38  Building Armor  
  149  9:42  Liberator x2  
  149  9:43  Marauder  
  151  9:46  Marine x2  
  151  9:47  Marine  
  151  9:49  Marauder  
  156  9:53  Supply Depot  
  156  9:55  Raven  
  156  9:56  Marine  
  156  9:57  Refinery  
  165  10:04  Marine x2  
  165  10:05  Marine, Marauder  
  170  10:11  Marauder  
  170  10:12  Siege Tank  
  151  10:14  Marine  
  151  10:16  Siege Tank  
  151  10:20  Liberator  
  122  10:21  Marine  
  122  10:22  Marine  
  122  10:23  Marine  
  122  10:25  Refinery  
  122  10:26  Marauder  
  115  10:31  Marine  
  115  10:32  Marine  
  117  10:39  Marine  
  117  10:40  Marauder  
  117  10:41  Marine  
  124  10:44  Siege Tank  
  124  10:46  Ghost  
  124  10:48  Siege Tank  
  124  10:49  Marine  
  133  10:52  Refinery  
  133  11:01  Marauder  
  135  11:06  Planetary Fortress  
  135  11:08  Missile Turret, Marauder  
  135  11:10  Missile Turret  
  137  11:11  Medivac  
  137  11:14  Marine, SCV  
  137  11:15  Marine  
  137  11:16  Medivac, Siege Tank, Marauder  
  148  11:20  Siege Tank  
  142  11:26  Marine  
  142  11:27  Marine  
  142  11:29  Marauder  
  122  11:37  Missile Turret, Marine  
  122  11:38  Marine  
  122  11:39  Marine  
  108  11:43  SCV  
  108  11:44  Marine, SCV  
  108  11:46  Marine  
  93  11:48  Siege Tank  
  93  11:49  SCV  
  93  11:50  Marine, SCV  
  93  11:52  Siege Tank  
  101  11:55  SCV, Marauder  
  101  11:56  Marine  
  101  12:00  SCV  
  106  12:02  SCV  
  106  12:03  Command Center  
  106  12:05  Marine  
  106  12:07  Marauder  
  97  12:09  Marine  
  97  12:10  Refinery  
  97  12:14  Marine  
  81  12:16  Marine  
  81  12:19  SCV  
  79  12:23  Marine  
  79  12:25  SCV x2  
  79  12:27  Marine  
  79  12:28  Marauder  
  61  12:41  Marine  
  61  12:43  Marine  
  59  12:45  Marine  
  59  12:47  Marine  
  59  12:49  Marine  
  48  12:58  Marine, SCV  
  48  13:01  Marine  
  48  13:03  Marauder  
  48  13:05  Marine  
  48  13:07  Marine  
  45  13:16  Marine  
  45  13:17  SCV x2  
  50  13:22  SCV  
  50  13:25  Marine  
  50  13:36  SCV  
  50  13:37  SCV  
  50  13:38  SCV  
  42  13:42  SCV  
  42  13:43  Marine  
  43  13:49  SCV  
  43  13:52  SCV, Command Center  
  41  14:01  Marauder  
  42  14:04  Starport Tech Lab  
  37  14:15  Starport Tech Lab  
  39  14:26  Supply Depot  
  26  15:06  Barracks  
  24  15:28  SCV  
  18  15:46  Command Center  
  18  15:53  Marine, Command Center  
  19  16:02  Command Center  
  16  16:30  Command Center  
  16  16:32  Supply Depot  
Tags
 
Composition
LurkersMMM Bio
Matchup
TvZ
Opening
Pool First
Spawn Locations
Cross Positions
Add a new tag
Caveats
  • Supply blocks, unpowered buildings, or Contaminate may cause inaccurate times.
  • Supply counts are checked every 10 seconds.